cohdb
Replays
Latest Replays
All Replays
Popular Replays
Top Player Replays
Match Explorer
How It Works
Community
CoH3 Stats
Reddit
Sign in to upload your games and track your stats! →
Sign in with Steam
2v2 Axis vehicles just running us over
Match 7407407
Overview
Messages
Build Orders
End
Panzerpioneer Squad
250 Light Carrier
Selects Armored Suppot Battlegroup
Panzergrenadier Squad
Construct Light Support Kompanie
MG34 Team
2.5-tonne Medical Truck
Construct Mechanized Kompanie
Selects Veteran Gunners
8 Rad Armored Car
MG34 Team
8 Rad Armored Car
Vehicle Survival Package
Marder III Tank Destroyer
MB
JG
Turd Ferguson
broodwarjc
0
0
Comments
sign in to comment!
No comments posted yet!